 Dungeon Crawl Stone Soup version 0.29.0-4-gdea44cf6ec (webtiles) character file.

Game seed: 3039976872943044738

4821 qw the Cleaver (level 10, -5/61 HPs)
             Began as a Tengu Warper on Aug 28, 2022.
             Was a Priest of Okawaru.
             Slain by a komodo dragon (14 damage)
             ... on level 8 of the Dungeon.
             The game lasted 00:02:05 (11185 turns).

qw the Cleaver (Tengu Warper)                      Turns: 11185, Time: 00:02:06

Health: -5/61      AC: 16    Str: 17    XL:     10   Next: 48%
Magic:  14/14      EV:  9    Int: 11    God:    Okawaru [***...]
Gold:   327        SH: 11    Dex: 14    Spells: 13/13 levels left

rFire   . . .      SeeInvis .   Y - +0 war axe
rCold   + + +      Faith    .   j - +0 buckler
rNeg    . . .      Spirit   .   b - +0 plate armour
rPois   .          Reflect  +   (helmet restricted)
rElec   +          Harm     .   a - +0 cloak of the Sun {rElec rC+ Int-3}
rCorr   .          Rampage  .   (no gloves)
Will    .....                   (boots unavailable)
Stlth   ..........              e - amulet of reflection
HPRegen 0.20/turn               c - ring "Cec Joiwn" {rC+ Str+2}
MPRegen 0.14/turn               l - ring of protection from cold

@: heroic, flying quickly and evasively, quick
A: beak, talons 3, nimble flight
a: Renounce Religion, Heroism


You were on level 8 of the Dungeon.
You worshipped Okawaru.
Okawaru was most pleased with you.
You visited 2 branches of the dungeon, and saw 9 of its levels.
You also visited: Ossuary.

You collected 472 gold pieces.
You spent 145 gold pieces at shops.


Innate Abilities, Weirdness & Mutations

You have a beak for a mouth.
You have claws for feet.
Your magical nature lets you fly swiftly and evasively.


   Skills:
 - Level 6.5(11.5) Fighting
 + Level 12.2(17.2) Axes
 - Level 1.0(6.0) Throwing
 - Level 6.0(11.0) Armour
 - Level 3.0(8.0) Dodging
 - Level 3.0(8.0) Shields
 - Level 2.0 Spellcasting
 - Level 2.4 Translocations
 - Level 4.1 Invocations


You had 13 spell levels left.
You didn't know any spells.
Your spell library contained the following spells:

 Spells                   Type           Power      Damage    Failure   Level
 Blink                    Tloc           12%        N/A       99%         2
 Gell's Gravitas          Tloc           6%         N/A       100%        3
 Lesser Beckoning         Tloc           6%         N/A       100%        3
 Teleport Other           Tloc           6%         N/A       100%        3
 Manifold Assault         Tloc           6%         N/A       100%        5

Inventory:

Hand Weapons
 g - a +0 flail of protection
 Y - a +0 war axe (weapon)
Armour
 a - the +0 cloak of the Sun (worn) {rElec rC+ Int-3}
   (You found it on level 6 of the Dungeon)

   Int:       It affects your intelligence (-3).
   rC:        It protects you from cold.
   rElec:     It insulates you from electricity.
 b - a +0 plate armour (worn)
 j - a +0 buckler (worn)
 n - a +0 pair of gloves
Jewellery
 c - the ring "Cec Joiwn" (left hand) {rC+ Str+2}
   (You found it on level 2 of the Dungeon)

   [ring of protection from cold]

   Str:       It affects your strength (+2).
   rC:        It protects you from cold.
 e - an amulet of reflection (around neck)
 l - a ring of protection from cold (right hand)
 m - a ring of ice
Scrolls
 i - 3 scrolls of identify
Potions
 d - 3 potions of might
 h - a potion of mutation
 k - a potion of curing
 o - 2 potions of magic

Dungeon Overview and Level Annotations

Branches:
Dungeon (8/15)             Temple (1/1) D:5         Ossuary (visited)
   Lair: D:8-11

Altars:
Ashenzari
Cheibriados
Dithmenos
Elyvilon
Fedhas
Gozag
Hepliaklqana
Kikubaaqudgha
Makhleb
Nemelex Xobeh
Okawaru
Qazlal
Ru
Sif Muna
Trog
Uskayaw
Vehumet
Wu Jian
Xom
Yredelemnul
Zin
The Shining One

Shops:
D:2 ([   D:5 ?


Message History

A komodo dragon comes into view.
The komodo dragon hisses angrily.
You slash the steam dragon! You claw the steam dragon!
The steam dragon is almost dead.
The steam dragon breathes steam at you. The ball of steam hits you!
You hear an angry hiss.
You hit the steam dragon. Your kick misses the steam dragon.
You peck the steam dragon.
You kill the steam dragon!
Okawaru accepts your kill.
You are engulfed in a cloud of scalding steam.
You hit the wyvern. You claw the wyvern, but do no damage. You peck the wyvern.
The wyvern is lightly wounded.
You are engulfed in a cloud of scalding steam.
You block the wyvern's attack. The wyvern bites you!
11180 ||| DRINKING potion of heal wounds.
You feel much better.
You are engulfed in a cloud of scalding steam.
The wyvern bites you.
You hit the wyvern but do no damage. Your kick misses the wyvern.
Your peck misses the wyvern.
The wyvern is lightly wounded.
The wyvern is engulfed in a cloud of scalding steam.
You block the wyvern's attack.
You hit the wyvern. Your peck misses the wyvern.
The wyvern is moderately wounded.
The wyvern bites you but does no damage.
You hit the wyvern. You claw the wyvern. You peck the wyvern.
The wyvern is severely wounded.
The wyvern bites you! x2
You barely miss the wyvern. You peck the wyvern.
The wyvern is severely wounded.
The wyvern bites you but does no damage.
You hit the wyvern but do no damage. You peck the wyvern, but do no damage.
The wyvern is severely wounded.
You hit the komodo dragon but do no damage.
The wyvern bites you but does no damage.
The komodo dragon bites you!
You die...

## ## ####
.##..#
#.#...#l...#..
#.....@l......
#..$..........#
......#...#....
.....###..# ###
.#.## .## # #?
#


You could see a komodo dragon and a wyvern.

Vanquished Creatures
  An ugly thing (D:8)
  Grinder (D:6)
  A wyvern (D:8)
  A steam dragon (D:8)
  2 orc warriors (D:7)
  3 ice beasts
  A sky beast (D:7)
  2 black bears
  An ogre (D:5)
  A centaur (D:8)
  A phantom (D:7)
  3 kobold brigands
  2 necrophages
  2 elf zombies (Ossuary)
  4 bullfrogs
  4 scorpions
  A gnoll sergeant (D:7)
  10 wights
  3 howler monkeys
  3 human zombies (Ossuary)
  6 centaur zombies (Ossuary)
  5 jellies
  3 orc priests
  3 hounds
  Natasha (D:3)
  7 iguanas
  9 orc wizards
  2 mummies (Ossuary)
  Robin (D:3)
  7 gnolls
  5 adders
  2 white imps (D:7)
  An ufetubus (D:4)
  An adder zombie (Ossuary)
  3 worms
  36 orcs
  6 endoplasms
  2 giant cockroaches
  9 hobgoblins
  2 jackals (D:4)
  12 kobolds
  2 quokkas (D:2)
  11 ball pythons
  2 bats
  3 frilled lizards
  16 goblins
  7 hobgoblin zombies (Ossuary)
  10 kobold zombies (Ossuary)
  7 orc zombies (Ossuary)
  9 rats
  A rat zombie (Ossuary)
238 creatures vanquished.

Vanquished Creatures (others)
  A kobold (D:7)
1 creature vanquished.

Grand Total: 239 creatures vanquished

Notes
Turn   | Place    | Note
-------+----------+-------------------------------------------
     0 | D:1      | qw the Tengu Warper began the quest for the Orb.
     0 | D:1      | Reached XP level 1. HP: 12/12 MP: 4/4
     0 | D:1      | 0 ||| qw: Version: 0.1-a-89-g26bdef1
     0 | D:1      | 0 ||| qw: Game counter: 378
     0 | D:1      | 0 ||| qw: Always use a shield: true
     0 | D:1      | 0 ||| qw: God list: Okawaru
     0 | D:1      | 0 ||| qw: Allow faded altars: false
     0 | D:1      | 0 ||| qw: Do Orc after D:15 true
     0 | D:1      | 0 ||| qw: Do second Lair branch before Depths: true
     0 | D:1      | 0 ||| qw: Lair rune preference: random
     0 | D:1      | 0 ||| qw: Plans: Normal
     0 | D:1      | 0 ||| PLANNING D:1-11
    45 | D:1      | 45 ||| Stepping ~*~*~tactically~*~*~ (stealth).
    47 | D:1      | 47 ||| Stepping ~*~*~tactically~*~*~ (stealth).
    63 | D:1      | Found a faded altar of an unknown god.
   135 | D:1      | Reached XP level 2. HP: 16/17 MP: 6/6
   199 | D:1      | Reached skill level 3 in Axes
   222 | D:1      | 222 ||| Stepping ~*~*~tactically~*~*~ (stealth).
   694 | D:1      | 694 ||| UPGRADING to amulet of reflection.
   699 | D:1      | 699 ||| READING scroll labelled USULYH FIOZY.
   700 | D:1      | 700 ||| READING scroll labelled ECEUMUTUPT.
   701 | D:1      | 701 ||| READING scroll labelled IDAETHR NYARIP.
   702 | D:1      | 702 ||| READING scroll labelled CARGHIPT OTEM.
   703 | D:1      | 703 ||| DRINKING 2 blue potions.
   704 | D:1      | 704 ||| DROPPING scroll of blinking.
   729 | D:2      | 729 ||| DROPPING +0 club.
   938 | D:2      | Found Attorats's Weapon Emporium.
   956 | D:2      | Reached XP level 3. HP: 21/21 MP: 7/7
  1004 | D:2      | Reached skill level 4 in Axes
  1047 | D:2      | Identified the ring "Cec Joiwn" {rC+ Str+2}
  1414 | D:2      | Found Voxarin's Armour Boutique.
  1418 | D:2      | 1418 ||| Stepping ~*~*~tactically~*~*~ (stealth).
  1427 | D:2      | 1427 ||| BUYING +0 buckler (49 gold).
  1427 | D:2      | Bought a +0 buckler for 49 gold pieces
  1427 | D:2      | 1427 ||| SHOPLISTING +0 chain mail (49 gold, have 11).
  1427 | D:2      | 1427 ||| SHOPLISTING +0 ring mail (44 gold, have 11).
  1981 | D:2      | 1981 ||| UPGRADING to +0 buckler.
  1986 | D:2      | 1986 ||| UPGRADING to ring "Cec Joiwn" {rC+ Str+2}.
  1987 | D:2      | 1987 ||| UPGRADING to ring of protection from cold.
  1988 | D:2      | 1988 ||| READING scroll labelled GOHOJE IFIPU.
  1993 | D:2      | 1993 ||| DRINKING 4 bubbling green potions.
  2030 | D:3      | 2030 ||| STAIRDANCE
  2035 | D:2      | Reached XP level 4. HP: 25/26 MP: 8/8
  2053 | D:3      | 2053 ||| Stepping ~*~*~tactically~*~*~ (stealth).
  2063 | D:3      | Reached skill level 1 in Shields
  2287 | D:3      | 2287 ||| Stepping ~*~*~tactically~*~*~ (stealth).
  2289 | D:3      | 2289 ||| Stepping ~*~*~tactically~*~*~ (hiding).
  2292 | D:3      | 2292 ||| Stepping ~*~*~tactically~*~*~ (hiding).
  2302 | D:3      | HP: 4/26 [orc/+0 hand axe (3)]
  2591 | D:3      | 2591 ||| Stepping ~*~*~tactically~*~*~ (hiding).
  2601 | D:3      | Reached skill level 5 in Axes
  2601 | D:3      | Gained mutation: Your magical nature lets you fly swiftly
                  | and evasively. [Tengu growth]
  2601 | D:3      | Reached XP level 5. HP: 18/30 MP: 9/9
  2932 | D:3      | Noticed Robin
  2934 | D:3      | 2934 ||| Stepping ~*~*~tactically~*~*~ (hiding).
  2951 | D:3      | Killed Robin
  3125 | D:3      | Found a shimmering altar of Xom.
  3454 | D:3      | Noticed Natasha
  3467 | D:3      | Killed Natasha
  3704 | D:3      | 3704 ||| UPGRADING to +0 ring mail.
  3714 | D:3      | 3714 ||| DROPPING +0 leather armour.
  3715 | D:3      | 3715 ||| UPGRADING to +0 chain mail.
  3725 | D:3      | 3725 ||| DROPPING +0 ring mail.
  3726 | D:3      | 3726 ||| READING 3 scrolls of identify.
  3726 | D:3      | 3726 ||| IDENTIFYING silvery potion
  3727 | D:3      | 3727 ||| READING 2 scrolls of identify.
  3727 | D:3      | 3727 ||| IDENTIFYING fizzy red potion
  3728 | D:3      | 3728 ||| DROPPING potion of invisibility.
  3903 | D:4      | Reached skill level 6 in Axes
  4031 | D:4      | Reached XP level 6. HP: 34/35 MP: 10/10
  4131 | D:4      | Found an ancient bone altar of Kikubaaqudgha.
  4160 | D:4      | Found a shimmering blue altar of Sif Muna.
  4163 | D:4      | Found a bloodstained altar of Trog.
  4163 | D:4      | Found a stormy altar of Qazlal.
  4176 | D:4      | Found a white marble altar of Elyvilon.
  5007 | D:4      | 5007 ||| DROPPING scarf of invisibility.
  5008 | D:4      | 5008 ||| DROPPING ring of wizardry.
  5009 | D:4      | 5009 ||| READING scroll labelled YDELIE WEIPHYC.
  5010 | D:4      | 5010 ||| READING scroll labelled ROKUNY PAMIMPA.
  5011 | D:4      | 5011 ||| READING 2 scrolls of identify.
  5011 | D:4      | 5011 ||| IDENTIFYING pink potion
  5012 | D:4      | 5012 ||| READING 2 scrolls of teleportation.
  5027 | D:5      | Entered Level 5 of the Dungeon
  5121 | D:5      | Found Modumuaw's Magic Scroll Emporium.
  5129 | D:5      | 5129 ||| BUYING scroll of identify (24 gold).
  5129 | D:5      | Bought a scroll of identify for 24 gold pieces
  5129 | D:5      | 5129 ||| BUYING scroll of teleportation (36 gold).
  5129 | D:5      | Bought a scroll of teleportation for 36 gold pieces
  5129 | D:5      | 5129 ||| BUYING scroll of teleportation (36 gold).
  5129 | D:5      | Bought a scroll of teleportation for 36 gold pieces
  5148 | D:5      | Reached skill level 7 in Axes
  5372 | D:5      | Found a staircase to the Ecumenical Temple.
  5374 | D:5      | 5374 ||| PLANNING TEMPLE
  5374 | D:5      | 5374 ||| READING 3 scrolls labelled XASSOC CYEK.
  5375 | D:5      | 5375 ||| READING 2 scrolls of identify.
  5375 | D:5      | 5375 ||| IDENTIFYING fizzy sapphire potion
  5376 | D:5      | 5376 ||| DROPPING potion of brilliance.
  5377 | D:5      | 5377 ||| DROPPING 2 scrolls of noise.
  5386 | Temple   | Entered the Ecumenical Temple
  5460 | Temple   | Became a worshipper of Warmaster Okawaru
  5461 | Temple   | 5461 ||| READING 3 scrolls of teleportation.
  5462 | Temple   | 5462 ||| PLANNING D:1-11
  5545 | D:5      | Reached XP level 7. HP: 31/40 MP: 11/11
  5633 | D:5      | HP: 6/40 [black bear (6)]
  5634 | D:5      | 5634 ||| READING 2 scrolls of teleportation.
  5634 | D:5      | HP: 2/40 [black bear (4)]
  5635 | D:5      | 5635 ||| DRINKING potion of heal wounds.
  5637 | D:5      | Reached skill level 3 in Fighting
  6129 | D:5      | 6129 ||| Stepping ~*~*~tactically~*~*~ (stealth).
  6130 | D:5      | 6130 ||| Stepping ~*~*~tactically~*~*~ (hiding).
  6140 | D:5      | 6140 ||| DRINKING 3 potions of curing.
  6140 | D:5      | 6140 ||| (to cure confusion)
  6148 | D:5      | 6148 ||| DRINKING 2 potions of curing.
  6148 | D:5      | 6148 ||| (to cure confusion)
  6160 | D:5      | 6160 ||| FLEEEEING.
  6161 | D:5      | 6161 ||| FLEEEEING.
  6162 | D:5      | 6162 ||| FLEEEEING.
  6172 | D:5      | Reached * piety under Okawaru
  6565 | D:5      | 6565 ||| DRINKING 2 viscous coppery potions.
  6670 | D:5      | 6670 ||| DRINKING 2 glowing grey potions.
  6671 | D:5      | 6671 ||| READING 2 scrolls of identify.
  6671 | D:5      | 6671 ||| IDENTIFYING grey potion
  6672 | D:5      | 6672 ||| DROPPING potion of berserk rage.
  6673 | D:5      | 6673 ||| DROPPING potion of lignification.
  6710 | D:6      | Reached skill level 8 in Axes
  6765 | D:6      | 6765 ||| Stepping ~*~*~tactically~*~*~ (stealth).
  6767 | D:6      | 6767 ||| Stepping ~*~*~tactically~*~*~ (hiding).
  6771 | D:6      | 6771 ||| Stepping ~*~*~tactically~*~*~ (hiding).
  6772 | D:6      | 6772 ||| INVOKING Heroism.
  6787 | D:6      | Reached skill level 1 in Invocations
  6787 | D:6      | Reached XP level 8. HP: 44/47 MP: 10/12
  6894 | D:6      | 6894 ||| INVOKING Heroism.
  6939 | D:6      | 6939 ||| INVOKING Heroism.
  6971 | D:6      | 6971 ||| DROPPING +0 mace.
  6990 | D:6      | 6990 ||| INVOKING Heroism.
  7022 | D:6      | Found a blossoming altar of Fedhas.
  7025 | D:6      | Identified the +0 cloak of the Sun {rElec rC+ Int-3}
  7055 | D:6      | 7055 ||| Stepping ~*~*~tactically~*~*~ (hiding).
  7059 | D:6      | 7059 ||| INVOKING Heroism.
  7107 | D:6      | 7107 ||| FLEEEEING.
  7108 | D:6      | 7108 ||| FLEEEEING.
  7109 | D:6      | 7109 ||| FLEEEEING.
  7110 | D:6      | 7110 ||| FLEEEEING.
  7111 | D:6      | 7111 ||| FLEEEEING.
  7112 | D:6      | 7112 ||| FLEEEEING.
  7113 | D:6      | 7113 ||| FLEEEEING.
  7114 | D:6      | 7114 ||| FLEEEEING.
  7115 | D:6      | 7115 ||| FLEEEEING.
  7116 | D:6      | 7116 ||| FLEEEEING.
  7120 | D:6      | 7120 ||| FLEEEEING.
  7121 | D:6      | 7121 ||| FLEEEEING.
  7122 | D:6      | 7122 ||| FLEEEEING.
  7126 | D:6      | 7126 ||| FLEEEEING.
  7127 | D:6      | 7127 ||| FLEEEEING.
  7128 | D:6      | 7128 ||| FLEEEEING.
  7129 | D:6      | 7129 ||| FLEEEEING.
  7130 | D:6      | 7130 ||| FLEEEEING.
  7135 | D:6      | 7135 ||| FLEEEEING.
  7136 | D:6      | 7136 ||| FLEEEEING.
  7137 | D:6      | 7137 ||| FLEEEEING.
  7271 | D:6      | Reached skill level 3 in Invocations
  7273 | D:6      | 7273 ||| INVOKING Heroism.
  7276 | D:6      | Reached skill level 9 in Axes
  7279 | D:6      | HP: 11/47 [poisoned by a scorpion]
  7323 | D:6      | Noticed Grinder
  7324 | D:6      | 7324 ||| FLEEEEING.
  7325 | D:6      | 7325 ||| FLEEEEING.
  7329 | D:6      | 7329 ||| STAIRDANCE
  7522 | D:5      | 7522 ||| UPGRADING to +0 cloak of the Sun {rElec rC+
                  | Int-3}.
  7527 | D:5      | 7527 ||| UPGRADING to +0 plate armour.
  7537 | D:5      | 7537 ||| DROPPING +0 chain mail.
  7540 | D:6      | 7540 ||| INVOKING Heroism.
  7554 | D:6      | Killed Grinder
  7555 | D:6      | Reached skill level 3 in Armour
  7567 | D:6      | 7567 ||| DROPPING +0 whip of draining.
  7770 | D:6      | 7770 ||| READING 2 scrolls labelled RYUWOV VUNKOO.
  7771 | D:6      | 7771 ||| READING scroll of enchant weapon.
  7771 | D:6      | 7771 ||| ENCHANTING +1 hand axe.
  7772 | D:6      | 7772 ||| DRINKING 2 coppery potions.
  7852 | D:6      | 7852 ||| READING 2 scrolls of identify.
  7852 | D:6      | 7852 ||| IDENTIFYING red potion
  7853 | D:6      | 7853 ||| DROPPING potion of attraction.
  7854 | D:6      | 7854 ||| DROPPING potion of ambrosia.
  7884 | D:7      | 7884 ||| PLANNING OSSUARY
  7884 | D:7      | 7884 ||| STAIRDANCE
  7889 | D:7      | 7889 ||| STAIRDANCE
  7891 | D:6      | 7891 ||| DRINKING potion of curing.
  7891 | D:6      | 7891 ||| (to cure confusion)
  7897 | D:7      | 7897 ||| STAIRDANCE
  7905 | D:7      | 7905 ||| STAIRDANCE
  7912 | D:7      | 7912 ||| INVOKING Heroism.
  7918 | D:7      | Found a sand-covered staircase.
  7925 | D:7      | Reached XP level 9. HP: 19/52 MP: 11/13
  7975 | D:7      | 7975 ||| FLEEEEING.
  7976 | D:7      | 7976 ||| FLEEEEING.
  7977 | D:7      | 7977 ||| FLEEEEING.
  7978 | D:7      | 7978 ||| STAIRDANCE
  8128 | Ossuary  | Entered an ossuary
  8209 | Ossuary  | 8209 ||| Stepping ~*~*~tactically~*~*~ (stealth).
  8242 | Ossuary  | 8242 ||| INVOKING Heroism.
  8252 | Ossuary  | Reached ** piety under Okawaru
  8334 | Ossuary  | 8334 ||| Stepping ~*~*~tactically~*~*~ (stealth).
  8338 | Ossuary  | 8338 ||| Stepping ~*~*~tactically~*~*~ (stealth).
  8344 | Ossuary  | Reached skill level 10 in Axes
  8344 | Ossuary  | 8344 ||| Stepping ~*~*~tactically~*~*~ (stealth).
  8361 | Ossuary  | Reached skill level 3 in Shields
  8434 | Ossuary  | 8434 ||| Stepping ~*~*~tactically~*~*~ (stealth).
  8448 | Ossuary  | 8448 ||| Stepping ~*~*~tactically~*~*~ (stealth).
  8486 | D:7      | 8486 ||| PLANNING D:1-11
  8506 | D:7      | 8506 ||| Stepping ~*~*~tactically~*~*~ (stealth).
  8508 | D:7      | 8508 ||| Stepping ~*~*~tactically~*~*~ (stealth).
  8537 | D:7      | 8537 ||| SWAPPING to +0 war axe.
  8538 | D:7      | 8538 ||| DROPPING +2 hand axe.
  8570 | D:7      | 8570 ||| Stepping ~*~*~tactically~*~*~ (hiding).
  8574 | D:7      | 8574 ||| INVOKING Heroism.
  8675 | D:7      | 8675 ||| INVOKING Heroism.
  8686 | D:7      | 8686 ||| Stepping ~*~*~tactically~*~*~ (stealth).
  8695 | D:7      | 8695 ||| Stepping ~*~*~tactically~*~*~ (cloud).
  8699 | D:7      | 8699 ||| FLEEEEING.
  8700 | D:7      | 8700 ||| FLEEEEING.
  8701 | D:7      | 8701 ||| FLEEEEING.
  8702 | D:7      | 8702 ||| FLEEEEING.
  8703 | D:7      | 8703 ||| FLEEEEING.
  8704 | D:7      | 8704 ||| FLEEEEING.
  8705 | D:7      | 8705 ||| FLEEEEING.
  8706 | D:7      | 8706 ||| FLEEEEING.
  8707 | D:7      | 8707 ||| FLEEEEING.
  8708 | D:7      | 8708 ||| FLEEEEING.
  8709 | D:7      | 8709 ||| FLEEEEING.
  8710 | D:7      | 8710 ||| FLEEEEING.
  8712 | D:7      | 8712 ||| FLEEEEING.
  8713 | D:7      | 8713 ||| FLEEEEING.
  8714 | D:7      | 8714 ||| FLEEEEING.
  8715 | D:7      | 8715 ||| FLEEEEING.
  8716 | D:7      | 8716 ||| FLEEEEING.
  8717 | D:7      | 8717 ||| FLEEEEING.
  8718 | D:7      | 8718 ||| FLEEEEING.
  8719 | D:7      | 8719 ||| FLEEEEING.
  8720 | D:7      | 8720 ||| FLEEEEING.
  8721 | D:7      | 8721 ||| FLEEEEING.
  8725 | D:7      | 8725 ||| FLEEEEING.
  8726 | D:7      | 8726 ||| FLEEEEING.
  8727 | D:7      | 8727 ||| FLEEEEING.
  8728 | D:7      | 8728 ||| FLEEEEING.
  8729 | D:7      | 8729 ||| FLEEEEING.
  8747 | D:7      | 8747 ||| FLEEEEING.
  8748 | D:7      | 8748 ||| FLEEEEING.
  8749 | D:7      | 8749 ||| FLEEEEING.
  8750 | D:7      | 8750 ||| FLEEEEING.
  8751 | D:7      | 8751 ||| FLEEEEING.
  8752 | D:7      | 8752 ||| FLEEEEING.
  8753 | D:7      | 8753 ||| FLEEEEING.
  8755 | D:7      | 8755 ||| FLEEEEING.
  8756 | D:7      | 8756 ||| STAIRDANCE
  8896 | D:6      | 8896 ||| READING scroll labelled CUTOMIAROM.
  8899 | D:7      | 8899 ||| STAIRDANCE
  8904 | D:7      | 8904 ||| STAIRDANCE
  8913 | D:7      | 8913 ||| STAIRDANCE
  8980 | D:7      | 8980 ||| STAIRDANCE
  8985 | D:7      | 8985 ||| STAIRDANCE
  9275 | D:7      | 9275 ||| READING scroll of teleportation.
  9276 | D:7      | 9276 ||| FLEEEEING.
  9277 | D:7      | 9277 ||| FLEEEEING.
  9278 | D:7      | 9278 ||| INVOKING Heroism.
  9283 | D:7      | 9283 ||| Stepping randomly (stuck).
  9284 | D:7      | 9284 ||| Stepping randomly (stuck).
  9287 | D:7      | 9287 ||| Stepping ~*~*~tactically~*~*~ (hiding).
  9405 | D:7      | 9405 ||| Stepping randomly (stuck).
  9406 | D:7      | 9406 ||| Stepping randomly (stuck).
  9407 | D:7      | 9407 ||| Stepping randomly (stuck).
  9408 | D:7      | 9408 ||| Stepping randomly (stuck).
  9410 | D:7      | 9410 ||| Stepping randomly (stuck).
  9420 | D:7      | Reached skill level 11 in Axes
  9424 | D:7      | 9424 ||| Stepping randomly (stuck).
  9428 | D:7      | 9428 ||| Stepping randomly (stuck).
  9433 | D:7      | 9433 ||| INVOKING Heroism.
  9446 | D:7      | Reached skill level 3 in Dodging
  9488 | D:7      | 9488 ||| Stepping randomly (stuck).
  9489 | D:7      | 9489 ||| Stepping randomly (stuck).
  9490 | D:7      | 9490 ||| Stepping randomly (stuck).
  9491 | D:7      | 9491 ||| Stepping randomly (stuck).
  9492 | D:7      | 9492 ||| Stepping randomly (stuck).
  9495 | D:7      | 9495 ||| Stepping randomly (stuck).
  9496 | D:7      | 9496 ||| Stepping randomly (stuck).
  9497 | D:7      | 9497 ||| Stepping randomly (stuck).
  9499 | D:7      | 9499 ||| Stepping randomly (stuck).
  9500 | D:7      | 9500 ||| Stepping randomly (stuck).
  9501 | D:7      | 9501 ||| Stepping randomly (stuck).
  9503 | D:7      | 9503 ||| Stepping randomly (stuck).
  9504 | D:7      | 9504 ||| Stepping randomly (stuck).
  9505 | D:7      | 9505 ||| Stepping randomly (stuck).
  9507 | D:7      | 9507 ||| Stepping randomly (stuck).
  9509 | D:7      | 9509 ||| Stepping randomly (stuck).
  9510 | D:7      | 9510 ||| Stepping randomly (stuck).
  9511 | D:7      | 9511 ||| Stepping randomly (stuck).
  9512 | D:7      | 9512 ||| Stepping randomly (stuck).
  9513 | D:7      | 9513 ||| Stepping randomly (stuck).
  9515 | D:7      | 9515 ||| Stepping randomly (stuck).
  9516 | D:7      | 9516 ||| Stepping randomly (stuck).
  9517 | D:7      | 9517 ||| Stepping randomly (stuck).
  9518 | D:7      | 9518 ||| Stepping randomly (stuck).
  9519 | D:7      | 9519 ||| Stepping randomly (stuck).
  9521 | D:7      | 9521 ||| Stepping randomly (stuck).
  9522 | D:7      | 9522 ||| Stepping randomly (stuck).
  9523 | D:7      | 9523 ||| Stepping randomly (stuck).
  9524 | D:7      | 9524 ||| Stepping randomly (stuck).
  9525 | D:7      | 9525 ||| Stepping randomly (stuck).
  9526 | D:7      | 9526 ||| Stepping randomly (stuck).
  9527 | D:7      | 9527 ||| Stepping randomly (stuck).
  9528 | D:7      | 9528 ||| Stepping randomly (stuck).
  9529 | D:7      | 9529 ||| Stepping randomly (stuck).
  9530 | D:7      | 9530 ||| Stepping randomly (stuck).
  9532 | D:7      | 9532 ||| Stepping randomly (stuck).
  9533 | D:7      | 9533 ||| Stepping randomly (stuck).
  9534 | D:7      | 9534 ||| Stepping randomly (stuck).
  9535 | D:7      | 9535 ||| Stepping randomly (stuck).
  9538 | D:7      | 9538 ||| Stepping randomly (stuck).
  9540 | D:7      | 9540 ||| Stepping randomly (stuck).
  9541 | D:7      | 9541 ||| Stepping randomly (stuck).
  9542 | D:7      | 9542 ||| Stepping randomly (stuck).
  9543 | D:7      | 9543 ||| Stepping randomly (stuck).
  9545 | D:7      | 9545 ||| Stepping randomly (stuck).
  9547 | D:7      | 9547 ||| Stepping randomly (stuck).
  9549 | D:7      | 9549 ||| Stepping randomly (stuck).
  9550 | D:7      | 9550 ||| Stepping randomly (stuck).
  9551 | D:7      | 9551 ||| Stepping randomly (stuck).
  9553 | D:7      | 9553 ||| Stepping randomly (stuck).
  9554 | D:7      | 9554 ||| Stepping randomly (stuck).
  9555 | D:7      | 9555 ||| Stepping randomly (stuck).
  9556 | D:7      | 9556 ||| Stepping randomly (stuck).
  9558 | D:7      | 9558 ||| Stepping randomly (stuck).
  9559 | D:7      | 9559 ||| Stepping randomly (stuck).
  9561 | D:7      | 9561 ||| Stepping randomly (stuck).
  9562 | D:7      | 9562 ||| Stepping randomly (stuck).
  9564 | D:7      | 9564 ||| Stepping randomly (stuck).
  9565 | D:7      | 9565 ||| Stepping randomly (stuck).
  9566 | D:7      | 9566 ||| Stepping randomly (stuck).
  9567 | D:7      | 9567 ||| Stepping randomly (stuck).
  9569 | D:7      | 9569 ||| Stepping randomly (stuck).
  9571 | D:7      | 9571 ||| Stepping randomly (stuck).
  9572 | D:7      | 9572 ||| Stepping randomly (stuck).
  9573 | D:7      | 9573 ||| Stepping randomly (stuck).
  9574 | D:7      | 9574 ||| Stepping randomly (stuck).
  9575 | D:7      | 9575 ||| Stepping randomly (stuck).
  9576 | D:7      | 9576 ||| Stepping randomly (stuck).
  9577 | D:7      | 9577 ||| Stepping randomly (stuck).
  9578 | D:7      | 9578 ||| Stepping randomly (stuck).
  9579 | D:7      | 9579 ||| Stepping randomly (stuck).
  9581 | D:7      | 9581 ||| Stepping randomly (stuck).
  9583 | D:7      | 9583 ||| Stepping randomly (stuck).
  9585 | D:7      | 9585 ||| Stepping randomly (stuck).
  9586 | D:7      | 9586 ||| Stepping randomly (stuck).
  9588 | D:7      | 9588 ||| Stepping randomly (stuck).
  9590 | D:7      | 9590 ||| Stepping randomly (stuck).
  9591 | D:7      | 9591 ||| Stepping randomly (stuck).
  9592 | D:7      | 9592 ||| Stepping randomly (stuck).
  9594 | D:7      | 9594 ||| Stepping randomly (stuck).
  9595 | D:7      | 9595 ||| Stepping randomly (stuck).
  9596 | D:7      | 9596 ||| Stepping randomly (stuck).
  9598 | D:7      | 9598 ||| Stepping randomly (stuck).
  9600 | D:7      | 9600 ||| Stepping randomly (stuck).
  9601 | D:7      | 9601 ||| Stepping randomly (stuck).
  9602 | D:7      | 9602 ||| Stepping randomly (stuck).
  9603 | D:7      | 9603 ||| Stepping randomly (stuck).
  9604 | D:7      | 9604 ||| Stepping randomly (stuck).
  9605 | D:7      | 9605 ||| Stepping randomly (stuck).
  9606 | D:7      | 9606 ||| Stepping randomly (stuck).
  9608 | D:7      | 9608 ||| Stepping randomly (stuck).
  9610 | D:7      | 9610 ||| Stepping randomly (stuck).
  9611 | D:7      | 9611 ||| Stepping randomly (stuck).
  9612 | D:7      | 9612 ||| Stepping randomly (stuck).
  9614 | D:7      | 9614 ||| Stepping randomly (stuck).
  9616 | D:7      | 9616 ||| Stepping randomly (stuck).
  9618 | D:7      | 9618 ||| Stepping randomly (stuck).
  9619 | D:7      | 9619 ||| Stepping randomly (stuck).
  9620 | D:7      | 9620 ||| Stepping randomly (stuck).
  9622 | D:7      | 9622 ||| Stepping randomly (stuck).
  9623 | D:7      | 9623 ||| Stepping randomly (stuck).
  9624 | D:7      | 9624 ||| Stepping randomly (stuck).
  9625 | D:7      | 9625 ||| Stepping randomly (stuck).
  9626 | D:7      | 9626 ||| Stepping randomly (stuck).
  9628 | D:7      | 9628 ||| Stepping randomly (stuck).
  9629 | D:7      | 9629 ||| Stepping randomly (stuck).
  9631 | D:7      | 9631 ||| Stepping randomly (stuck).
  9632 | D:7      | 9632 ||| Stepping randomly (stuck).
  9633 | D:7      | 9633 ||| Stepping randomly (stuck).
  9634 | D:7      | 9634 ||| Stepping randomly (stuck).
  9635 | D:7      | 9635 ||| Stepping randomly (stuck).
  9637 | D:7      | 9637 ||| Stepping randomly (stuck).
  9638 | D:7      | 9638 ||| Stepping randomly (stuck).
  9639 | D:7      | 9639 ||| Stepping randomly (stuck).
  9641 | D:7      | 9641 ||| Stepping randomly (stuck).
  9642 | D:7      | 9642 ||| Stepping randomly (stuck).
  9643 | D:7      | 9643 ||| Stepping randomly (stuck).
  9645 | D:7      | 9645 ||| Stepping randomly (stuck).
  9647 | D:7      | 9647 ||| Stepping randomly (stuck).
  9648 | D:7      | 9648 ||| Stepping randomly (stuck).
  9649 | D:7      | 9649 ||| Stepping randomly (stuck).
  9650 | D:7      | 9650 ||| Stepping randomly (stuck).
  9651 | D:7      | 9651 ||| Stepping randomly (stuck).
  9653 | D:7      | 9653 ||| Stepping randomly (stuck).
  9655 | D:7      | 9655 ||| Stepping randomly (stuck).
  9657 | D:7      | 9657 ||| Stepping randomly (stuck).
  9658 | D:7      | 9658 ||| Stepping randomly (stuck).
  9660 | D:7      | 9660 ||| Stepping randomly (stuck).
  9661 | D:7      | 9661 ||| Stepping randomly (stuck).
  9662 | D:7      | 9662 ||| Stepping randomly (stuck).
  9663 | D:7      | 9663 ||| Stepping randomly (stuck).
  9664 | D:7      | 9664 ||| Stepping randomly (stuck).
  9665 | D:7      | 9665 ||| Stepping randomly (stuck).
  9666 | D:7      | 9666 ||| Stepping randomly (stuck).
  9667 | D:7      | 9667 ||| Stepping randomly (stuck).
  9668 | D:7      | 9668 ||| Stepping randomly (stuck).
  9669 | D:7      | 9669 ||| Stepping randomly (stuck).
  9671 | D:7      | 9671 ||| Stepping randomly (stuck).
  9672 | D:7      | 9672 ||| Stepping randomly (stuck).
  9673 | D:7      | 9673 ||| Stepping randomly (stuck).
  9674 | D:7      | 9674 ||| Stepping randomly (stuck).
  9675 | D:7      | 9675 ||| Stepping randomly (stuck).
  9676 | D:7      | 9676 ||| Stepping randomly (stuck).
  9678 | D:7      | 9678 ||| Stepping randomly (stuck).
  9680 | D:7      | 9680 ||| Stepping randomly (stuck).
  9681 | D:7      | 9681 ||| Stepping randomly (stuck).
  9682 | D:7      | 9682 ||| Stepping randomly (stuck).
  9683 | D:7      | 9683 ||| Stepping randomly (stuck).
  9684 | D:7      | 9684 ||| Stepping randomly (stuck).
  9685 | D:7      | 9685 ||| Stepping randomly (stuck).
  9686 | D:7      | 9686 ||| Stepping randomly (stuck).
  9687 | D:7      | 9687 ||| Stepping randomly (stuck).
  9689 | D:7      | 9689 ||| Stepping randomly (stuck).
  9690 | D:7      | 9690 ||| Stepping randomly (stuck).
  9691 | D:7      | 9691 ||| Stepping randomly (stuck).
  9693 | D:7      | 9693 ||| Stepping randomly (stuck).
  9694 | D:7      | 9694 ||| Stepping randomly (stuck).
  9696 | D:7      | 9696 ||| Stepping randomly (stuck).
  9698 | D:7      | 9698 ||| Stepping randomly (stuck).
  9700 | D:7      | 9700 ||| Stepping randomly (stuck).
  9701 | D:7      | 9701 ||| Stepping randomly (stuck).
  9702 | D:7      | 9702 ||| Stepping randomly (stuck).
  9704 | D:7      | 9704 ||| Stepping randomly (stuck).
  9705 | D:7      | 9705 ||| Stepping randomly (stuck).
  9706 | D:7      | 9706 ||| Stepping randomly (stuck).
  9707 | D:7      | 9707 ||| Stepping randomly (stuck).
  9709 | D:7      | 9709 ||| Stepping randomly (stuck).
  9711 | D:7      | 9711 ||| Stepping randomly (stuck).
  9712 | D:7      | 9712 ||| Stepping randomly (stuck).
  9714 | D:7      | 9714 ||| Stepping randomly (stuck).
  9715 | D:7      | 9715 ||| Stepping randomly (stuck).
  9717 | D:7      | 9717 ||| Stepping randomly (stuck).
  9719 | D:7      | 9719 ||| Stepping randomly (stuck).
  9721 | D:7      | 9721 ||| Stepping randomly (stuck).
  9723 | D:7      | 9723 ||| Stepping randomly (stuck).
  9724 | D:7      | 9724 ||| Stepping randomly (stuck).
  9726 | D:7      | 9726 ||| Stepping randomly (stuck).
  9727 | D:7      | 9727 ||| Stepping randomly (stuck).
  9728 | D:7      | 9728 ||| Stepping randomly (stuck).
  9730 | D:7      | 9730 ||| Stepping randomly (stuck).
  9731 | D:7      | 9731 ||| Stepping randomly (stuck).
  9732 | D:7      | 9732 ||| Stepping randomly (stuck).
  9733 | D:7      | 9733 ||| Stepping randomly (stuck).
  9734 | D:7      | 9734 ||| Stepping randomly (stuck).
  9735 | D:7      | 9735 ||| Stepping randomly (stuck).
  9736 | D:7      | 9736 ||| Stepping randomly (stuck).
  9738 | D:7      | 9738 ||| Stepping randomly (stuck).
  9739 | D:7      | 9739 ||| Stepping randomly (stuck).
  9740 | D:7      | 9740 ||| Stepping randomly (stuck).
  9741 | D:7      | 9741 ||| Stepping randomly (stuck).
  9742 | D:7      | 9742 ||| Stepping randomly (stuck).
  9743 | D:7      | 9743 ||| Stepping randomly (stuck).
  9744 | D:7      | 9744 ||| Stepping randomly (stuck).
  9746 | D:7      | 9746 ||| Stepping randomly (stuck).
  9747 | D:7      | 9747 ||| Stepping randomly (stuck).
  9749 | D:7      | 9749 ||| Stepping randomly (stuck).
  9750 | D:7      | 9750 ||| Stepping randomly (stuck).
  9751 | D:7      | 9751 ||| Stepping randomly (stuck).
  9752 | D:7      | 9752 ||| Stepping randomly (stuck).
  9753 | D:7      | 9753 ||| Stepping randomly (stuck).
  9754 | D:7      | 9754 ||| Stepping randomly (stuck).
  9755 | D:7      | 9755 ||| Stepping randomly (stuck).
  9756 | D:7      | 9756 ||| Stepping randomly (stuck).
  9757 | D:7      | 9757 ||| Stepping randomly (stuck).
  9758 | D:7      | 9758 ||| Stepping randomly (stuck).
  9759 | D:7      | 9759 ||| Stepping randomly (stuck).
  9760 | D:7      | 9760 ||| Stepping randomly (stuck).
  9761 | D:7      | 9761 ||| Stepping randomly (stuck).
  9762 | D:7      | 9762 ||| Stepping randomly (stuck).
  9763 | D:7      | 9763 ||| Stepping randomly (stuck).
  9764 | D:7      | 9764 ||| Stepping randomly (stuck).
  9765 | D:7      | 9765 ||| Stepping randomly (stuck).
  9767 | D:7      | 9767 ||| Stepping randomly (stuck).
  9769 | D:7      | 9769 ||| Stepping randomly (stuck).
  9770 | D:7      | 9770 ||| Stepping randomly (stuck).
  9771 | D:7      | 9771 ||| Stepping randomly (stuck).
  9772 | D:7      | 9772 ||| Stepping randomly (stuck).
  9774 | D:7      | 9774 ||| Stepping randomly (stuck).
  9776 | D:7      | 9776 ||| Stepping randomly (stuck).
  9778 | D:7      | 9778 ||| Stepping randomly (stuck).
  9779 | D:7      | 9779 ||| Stepping randomly (stuck).
  9781 | D:7      | 9781 ||| Stepping randomly (stuck).
  9782 | D:7      | 9782 ||| Stepping randomly (stuck).
  9783 | D:7      | 9783 ||| Stepping randomly (stuck).
  9784 | D:7      | 9784 ||| Stepping randomly (stuck).
  9785 | D:7      | 9785 ||| Stepping randomly (stuck).
  9786 | D:7      | 9786 ||| Stepping randomly (stuck).
  9787 | D:7      | 9787 ||| Stepping randomly (stuck).
  9788 | D:7      | 9788 ||| Stepping randomly (stuck).
  9789 | D:7      | 9789 ||| Stepping randomly (stuck).
  9790 | D:7      | 9790 ||| Stepping randomly (stuck).
  9791 | D:7      | 9791 ||| Stepping randomly (stuck).
  9792 | D:7      | 9792 ||| Stepping randomly (stuck).
  9793 | D:7      | 9793 ||| Stepping randomly (stuck).
  9795 | D:7      | 9795 ||| Stepping randomly (stuck).
  9797 | D:7      | 9797 ||| Stepping randomly (stuck).
  9799 | D:7      | 9799 ||| Stepping randomly (stuck).
  9801 | D:7      | 9801 ||| Stepping randomly (stuck).
  9802 | D:7      | 9802 ||| Stepping randomly (stuck).
  9803 | D:7      | 9803 ||| Stepping randomly (stuck).
  9805 | D:7      | 9805 ||| Stepping randomly (stuck).
  9806 | D:7      | 9806 ||| Stepping randomly (stuck).
  9807 | D:7      | 9807 ||| Stepping randomly (stuck).
  9808 | D:7      | 9808 ||| Stepping randomly (stuck).
  9809 | D:7      | 9809 ||| Stepping randomly (stuck).
  9810 | D:7      | 9810 ||| Stepping randomly (stuck).
  9811 | D:7      | 9811 ||| Stepping randomly (stuck).
  9813 | D:7      | 9813 ||| Stepping randomly (stuck).
  9814 | D:7      | 9814 ||| Stepping randomly (stuck).
  9815 | D:7      | 9815 ||| Stepping randomly (stuck).
  9816 | D:7      | 9816 ||| Stepping randomly (stuck).
  9818 | D:7      | 9818 ||| Stepping randomly (stuck).
  9820 | D:7      | 9820 ||| Stepping randomly (stuck).
  9821 | D:7      | 9821 ||| Stepping randomly (stuck).
  9823 | D:7      | 9823 ||| Stepping randomly (stuck).
  9824 | D:7      | 9824 ||| Stepping randomly (stuck).
  9825 | D:7      | 9825 ||| Stepping randomly (stuck).
  9826 | D:7      | 9826 ||| Stepping randomly (stuck).
  9827 | D:7      | 9827 ||| Stepping randomly (stuck).
  9829 | D:7      | 9829 ||| Stepping randomly (stuck).
  9831 | D:7      | 9831 ||| Stepping randomly (stuck).
  9833 | D:7      | 9833 ||| Stepping randomly (stuck).
  9834 | D:7      | 9834 ||| Stepping randomly (stuck).
  9835 | D:7      | 9835 ||| Stepping randomly (stuck).
  9836 | D:7      | 9836 ||| Stepping randomly (stuck).
  9837 | D:7      | 9837 ||| Stepping randomly (stuck).
  9838 | D:7      | 9838 ||| Stepping randomly (stuck).
  9840 | D:7      | 9840 ||| Stepping randomly (stuck).
  9842 | D:7      | 9842 ||| Stepping randomly (stuck).
  9844 | D:7      | 9844 ||| Stepping randomly (stuck).
  9845 | D:7      | 9845 ||| Stepping randomly (stuck).
  9846 | D:7      | 9846 ||| Stepping randomly (stuck).
  9848 | D:7      | 9848 ||| Stepping randomly (stuck).
  9850 | D:7      | 9850 ||| Stepping randomly (stuck).
  9851 | D:7      | 9851 ||| Stepping randomly (stuck).
  9852 | D:7      | 9852 ||| Stepping randomly (stuck).
  9853 | D:7      | 9853 ||| Stepping randomly (stuck).
  9854 | D:7      | 9854 ||| Stepping randomly (stuck).
  9855 | D:7      | 9855 ||| Stepping randomly (stuck).
  9857 | D:7      | 9857 ||| Stepping randomly (stuck).
  9858 | D:7      | 9858 ||| Stepping randomly (stuck).
  9860 | D:7      | 9860 ||| Stepping randomly (stuck).
  9861 | D:7      | 9861 ||| Stepping randomly (stuck).
  9863 | D:7      | 9863 ||| Stepping randomly (stuck).
  9864 | D:7      | 9864 ||| Stepping randomly (stuck).
  9866 | D:7      | 9866 ||| Stepping randomly (stuck).
  9867 | D:7      | 9867 ||| Stepping randomly (stuck).
  9868 | D:7      | 9868 ||| Stepping randomly (stuck).
  9869 | D:7      | 9869 ||| Stepping randomly (stuck).
  9870 | D:7      | 9870 ||| Stepping randomly (stuck).
  9871 | D:7      | 9871 ||| Stepping randomly (stuck).
  9873 | D:7      | 9873 ||| Stepping randomly (stuck).
  9874 | D:7      | 9874 ||| Stepping randomly (stuck).
  9875 | D:7      | 9875 ||| Stepping randomly (stuck).
  9876 | D:7      | 9876 ||| Stepping randomly (stuck).
  9877 | D:7      | 9877 ||| Stepping randomly (stuck).
  9878 | D:7      | 9878 ||| Stepping randomly (stuck).
  9879 | D:7      | 9879 ||| Stepping randomly (stuck).
  9880 | D:7      | 9880 ||| Stepping randomly (stuck).
  9882 | D:7      | 9882 ||| Stepping randomly (stuck).
  9884 | D:7      | 9884 ||| Stepping randomly (stuck).
  9886 | D:7      | 9886 ||| Stepping randomly (stuck).
  9888 | D:7      | 9888 ||| Stepping randomly (stuck).
  9890 | D:7      | 9890 ||| Stepping randomly (stuck).
  9891 | D:7      | 9891 ||| Stepping randomly (stuck).
  9893 | D:7      | 9893 ||| Stepping randomly (stuck).
  9895 | D:7      | 9895 ||| Stepping randomly (stuck).
  9896 | D:7      | 9896 ||| Stepping randomly (stuck).
  9897 | D:7      | 9897 ||| Stepping randomly (stuck).
  9899 | D:7      | 9899 ||| Stepping randomly (stuck).
  9900 | D:7      | 9900 ||| Stepping randomly (stuck).
  9902 | D:7      | 9902 ||| Stepping randomly (stuck).
  9904 | D:7      | 9904 ||| Stepping randomly (stuck).
  9906 | D:7      | 9906 ||| Stepping randomly (stuck).
  9907 | D:7      | 9907 ||| Stepping randomly (stuck).
  9908 | D:7      | 9908 ||| Stepping randomly (stuck).
  9910 | D:7      | 9910 ||| Stepping randomly (stuck).
  9911 | D:7      | 9911 ||| Stepping randomly (stuck).
  9912 | D:7      | 9912 ||| Stepping randomly (stuck).
  9914 | D:7      | 9914 ||| Stepping randomly (stuck).
  9915 | D:7      | 9915 ||| Stepping randomly (stuck).
  9916 | D:7      | 9916 ||| Stepping randomly (stuck).
  9917 | D:7      | 9917 ||| Stepping randomly (stuck).
  9918 | D:7      | 9918 ||| Stepping randomly (stuck).
  9919 | D:7      | 9919 ||| Stepping randomly (stuck).
  9920 | D:7      | 9920 ||| Stepping randomly (stuck).
  9923 | D:7      | 9923 ||| Stepping randomly (stuck).
  9924 | D:7      | 9924 ||| Stepping randomly (stuck).
  9925 | D:7      | 9925 ||| Stepping randomly (stuck).
  9927 | D:7      | 9927 ||| Stepping randomly (stuck).
  9928 | D:7      | 9928 ||| Stepping randomly (stuck).
  9929 | D:7      | 9929 ||| Stepping randomly (stuck).
  9931 | D:7      | 9931 ||| Stepping randomly (stuck).
  9932 | D:7      | 9932 ||| Stepping randomly (stuck).
  9933 | D:7      | 9933 ||| Stepping randomly (stuck).
  9935 | D:7      | 9935 ||| Stepping randomly (stuck).
  9936 | D:7      | 9936 ||| Stepping randomly (stuck).
  9937 | D:7      | 9937 ||| Stepping randomly (stuck).
  9939 | D:7      | 9939 ||| Stepping randomly (stuck).
  9941 | D:7      | 9941 ||| Stepping randomly (stuck).
  9942 | D:7      | 9942 ||| Stepping randomly (stuck).
  9943 | D:7      | 9943 ||| Stepping randomly (stuck).
  9945 | D:7      | 9945 ||| Stepping randomly (stuck).
  9946 | D:7      | 9946 ||| Stepping randomly (stuck).
  9947 | D:7      | 9947 ||| Stepping randomly (stuck).
  9948 | D:7      | 9948 ||| Stepping randomly (stuck).
  9949 | D:7      | 9949 ||| Stepping randomly (stuck).
  9950 | D:7      | 9950 ||| Stepping randomly (stuck).
  9951 | D:7      | 9951 ||| Stepping randomly (stuck).
  9952 | D:7      | 9952 ||| Stepping randomly (stuck).
  9954 | D:7      | 9954 ||| Stepping randomly (stuck).
  9955 | D:7      | 9955 ||| Stepping randomly (stuck).
  9956 | D:7      | 9956 ||| Stepping randomly (stuck).
  9957 | D:7      | 9957 ||| Stepping randomly (stuck).
  9958 | D:7      | 9958 ||| Stepping randomly (stuck).
  9959 | D:7      | 9959 ||| Stepping randomly (stuck).
  9960 | D:7      | 9960 ||| Stepping randomly (stuck).
  9961 | D:7      | 9961 ||| Stepping randomly (stuck).
  9962 | D:7      | 9962 ||| Stepping randomly (stuck).
  9963 | D:7      | 9963 ||| Stepping randomly (stuck).
  9964 | D:7      | 9964 ||| Stepping randomly (stuck).
  9966 | D:7      | 9966 ||| Stepping randomly (stuck).
  9968 | D:7      | 9968 ||| Stepping randomly (stuck).
  9969 | D:7      | 9969 ||| Stepping randomly (stuck).
  9970 | D:7      | 9970 ||| Stepping randomly (stuck).
  9971 | D:7      | 9971 ||| Stepping randomly (stuck).
  9972 | D:7      | 9972 ||| Stepping randomly (stuck).
  9974 | D:7      | 9974 ||| Stepping randomly (stuck).
  9976 | D:7      | 9976 ||| Stepping randomly (stuck).
  9977 | D:7      | 9977 ||| Stepping randomly (stuck).
  9979 | D:7      | 9979 ||| Stepping randomly (stuck).
  9980 | D:7      | 9980 ||| Stepping randomly (stuck).
  9982 | D:7      | 9982 ||| Stepping randomly (stuck).
  9983 | D:7      | 9983 ||| Stepping randomly (stuck).
  9984 | D:7      | 9984 ||| Stepping randomly (stuck).
  9985 | D:7      | 9985 ||| Stepping randomly (stuck).
  9986 | D:7      | 9986 ||| Stepping randomly (stuck).
  9987 | D:7      | 9987 ||| Stepping randomly (stuck).
  9988 | D:7      | 9988 ||| Stepping randomly (stuck).
  9993 | D:7      | 9993 ||| DROPPING +0 vorpal flail.
 10001 | D:7      | 10001 ||| INVOKING Heroism.
 10061 | D:7      | 10061 ||| Stepping randomly (stuck).
 10063 | D:7      | 10063 ||| Stepping randomly (stuck).
 10064 | D:7      | 10064 ||| Stepping randomly (stuck).
 10067 | D:7      | 10067 ||| Stepping randomly (stuck).
 10068 | D:7      | 10068 ||| Stepping randomly (stuck).
 10069 | D:7      | 10069 ||| Stepping randomly (stuck).
 10070 | D:7      | 10070 ||| Stepping randomly (stuck).
 10072 | D:7      | 10072 ||| Stepping randomly (stuck).
 10074 | D:7      | 10074 ||| Stepping randomly (stuck).
 10075 | D:7      | 10075 ||| Stepping randomly (stuck).
 10079 | D:7      | 10079 ||| Stepping randomly (stuck).
 10080 | D:7      | 10080 ||| Stepping randomly (stuck).
 10088 | D:7      | 10088 ||| Stepping randomly (stuck).
 10089 | D:7      | 10089 ||| Stepping randomly (stuck).
 10090 | D:7      | 10090 ||| Stepping randomly (stuck).
 10091 | D:7      | 10091 ||| Stepping randomly (stuck).
 10097 | D:7      | 10097 ||| Stepping randomly (stuck).
 10098 | D:7      | 10098 ||| Stepping randomly (stuck).
 10099 | D:7      | 10099 ||| Stepping randomly (stuck).
 10100 | D:7      | 10100 ||| Stepping randomly (stuck).
 10101 | D:7      | 10101 ||| Stepping randomly (stuck).
 10107 | D:7      | 10107 ||| Stepping randomly (stuck).
 10108 | D:7      | 10108 ||| Stepping randomly (stuck).
 10109 | D:7      | 10109 ||| Stepping randomly (stuck).
 10136 | D:7      | 10136 ||| INVOKING Heroism.
 10171 | D:7      | Found a radiant altar of Vehumet.
 10383 | D:7      | 10383 ||| Stepping ~*~*~tactically~*~*~ (stealth).
 10385 | D:7      | 10385 ||| Stepping ~*~*~tactically~*~*~ (stealth).
 10391 | D:7      | Reached XP level 10. HP: 55/59 MP: 14/14
 10489 | D:7      | 10489 ||| READING scroll labelled USCHOJ TUUWO.
 10516 | D:7      | Reached *** piety under Okawaru
 10541 | D:7      | 10541 ||| Stepping randomly (stuck).
 10574 | D:8      | 10574 ||| STAIRDANCE
 10648 | D:8      | 10648 ||| Stepping ~*~*~tactically~*~*~ (stealth).
 10728 | D:8      | Reached skill level 12 in Axes
 10767 | D:8      | 10767 ||| INVOKING Heroism.
 10769 | D:8      | HP: 13/59 [wyvern (12)]
 10770 | D:8      | 10770 ||| DRINKING 3 potions of heal wounds.
 10775 | D:8      | 10775 ||| Stepping ~*~*~tactically~*~*~ (hiding).
 11002 | D:8      | 11002 ||| Stepping ~*~*~tactically~*~*~ (stealth).
 11015 | D:8      | Reached skill level 6 in Armour
 11071 | D:8      | 11071 ||| Stepping ~*~*~tactically~*~*~ (hiding).
 11072 | D:8      | 11072 ||| INVOKING Heroism.
 11089 | D:8      | Noticed a green ugly thing
 11091 | D:8      | 11091 ||| Stepping ~*~*~tactically~*~*~ (hiding).
 11095 | D:8      | 11095 ||| Stepping ~*~*~tactically~*~*~ (hiding).
 11102 | D:8      | 11102 ||| INVOKING Heroism.
 11108 | D:8      | Killed a green ugly thing
 11109 | D:8      | Reached skill level 6 in Fighting
 11113 | D:8      | HP: 14/61 [poisoned by a green ugly thing]
 11118 | D:8      | HP: 9/61 [poisoned by a green ugly thing]
 11148 | D:8      | 11148 ||| FLEEEEING.
 11149 | D:8      | 11149 ||| FLEEEEING.
 11150 | D:8      | 11150 ||| FLEEEEING.
 11151 | D:8      | 11151 ||| FLEEEEING.
 11152 | D:8      | 11152 ||| FLEEEEING.
 11153 | D:8      | 11153 ||| FLEEEEING.
 11154 | D:8      | 11154 ||| FLEEEEING.
 11155 | D:8      | 11155 ||| FLEEEEING.
 11156 | D:8      | 11156 ||| FLEEEEING.
 11157 | D:8      | 11157 ||| FLEEEEING.
 11158 | D:8      | 11158 ||| FLEEEEING.
 11163 | D:8      | 11163 ||| FLEEEEING.
 11164 | D:8      | 11164 ||| FLEEEEING.
 11165 | D:8      | 11165 ||| FLEEEEING.
 11166 | D:8      | 11166 ||| INVOKING Heroism.
 11170 | D:8      | HP: 15/61 [acid (1)]
 11172 | D:8      | 11172 ||| READING scroll of teleportation.
 11173 | D:8      | 11173 ||| DRINKING 2 potions of heal wounds.
 11179 | D:8      | HP: 5/61 [wyvern (12)]
 11180 | D:8      | 11180 ||| DRINKING potion of heal wounds.
 11185 | D:8      | Slain by a komodo dragon

Levels and vault maps discovered:
D:1:      doesnt_arrival_eight_statues, layout_loops_cross,
          hellmonk_ecumenical_altar_run_dry
D:2:      layout_basic, serial_shops, nicolae_shop_advertising_works
          [nicolae_subvault_shop_adworks], nicolae_shop_bloodbath_and_beyond
D:3:      layout_basic, overflow_temple_1_default, minmay_misc_feat_enclosed,
          kennysheep_generic_room_9, uniq_robin, uniq_natasha
D:4:      layout_loops_corners, nicolae_overflow_hallway_of_the_gods
D:5:      layout_loops_ring, minmay_temple_entry_glass, serial_shops,
          shop_scrolls
D:6:      layout_rooms, mainiacjoe_overflow_alcove_2, uniq_grinder
D:7:      layout_basic, amcnicky_altar_gilded, enter_ossuary_1, minmay_puff
D:8:      minmay_inner_zag, layout_cave_pools, erik_lair_dragon, enter_bailey_5
Temple:   jpeg_temple_clearing

Skill      XL: |  1  2  3  4  5  6  7  8  9 10 |
---------------+-------------------------------+-----
Axes           | 3 4 5 6 7 8 9 11 12 | 12.2
Shields        | 1 2 3 |  3.0
Armour         | 2 4 5 6 |  6.0
Fighting       | 3 4 5 6 |  6.5
Invocations    | 1 4 |  4.1
Dodging        | 3 |  3.0
Throwing       | |  1.0
Spellcasting   | |  2.0
Translocations | |  2.4

Action                   |  1- 3 |  4- 6 |  7- 9 | 10-12 || total
-------------------------+-------+-------+-------+-------++-------
Melee: Hand axe          |    86 |   152 |   278 |       ||   516
       Peck              |    13 |    24 |   105 |    19 ||   161
       Kick              |    15 |    55 |   123 |    34 ||   227
       War axe           |       |       |    98 |   103 ||   201
Throw: Boomerang         |     7 |       |   100 |     8 ||   115
Invok: Heroism           |       |       |    15 |     4 ||    19
  Use: Scroll            |     5 |     9 |     7 |     2 ||    23
       Potion            |     2 |       |     7 |     3 ||    12
Armor: Leather armour    |    17 |     7 |       |       ||    24
       Chain mail        |       |    15 |    28 |       ||    43
       Plate armour      |       |       |    86 |    32 ||   118
Dodge: Dodged            |    45 |    34 |    60 |    22 ||   161
Block: Other             |    15 |       |       |       ||    15
       Buckler           |     2 |    70 |   123 |    42 ||   237
       Reflection        |       |     5 |     6 |     1 ||    12

Table legend:
 A = Non-vault XP
 B = Vault XP
 C = Vault XP percentage of total XP
 D = Non-vault monster count
 E = Vault monster count
 F = Vault count percentage of total count
                 A         B        C        D         E       F
            +---------+---------+-------+---------+---------+-------
      Total |    4657 |    2231 |  32.4 |     175 |      63 |  26.5
            +---------+---------+-------+---------+---------+-------
        D:1 |      22 |       0 |   0.0 |      17 |       0 |   0.0
        D:2 |      60 |       0 |   0.0 |      20 |       0 |   0.0
        D:3 |     115 |      64 |  35.8 |      17 |      10 |  37.0
        D:4 |     255 |       0 |   0.0 |      24 |       0 |   0.0
        D:5 |     601 |       0 |   0.0 |      11 |       0 |   0.0
        D:6 |    1040 |     272 |  20.7 |      43 |       1 |   2.3
        D:7 |    1241 |     431 |  25.8 |      29 |       7 |  19.4
        D:8 |    1323 |     789 |  37.4 |      14 |       6 |  30.0
    Ossuary |       0 |     675 | 100.0 |       0 |      39 | 100.0
            +---------+---------+-------+---------+---------+-------
